 Dungeon Crawl Stone Soup version 0.18-a0-1685-g4482fe3 (webtiles) character file.

898 namelastname112 the Skirmisher (level 7, 61/61 HPs)
             Began as a Pale Draconian Warper on Apr 4, 2016.
             Quit the game on level 5 of the Dungeon.
             The game lasted 00:06:47 (5233 turns).

namelastname112 the Skirmisher (DrWr)               Turns: 5233, Time: 00:06:47

Health: 61/61      AC:  9    Str: 13    XL:     7   Next: 79%
Magic:  10/10      EV: 13    Int: 17    God:
Gold:   313        SH:  0    Dex:  8    Spells: 3 memorised, 3 levels left

rFire  . . .     SeeInvis .     a - +0 short sword
rCold  . . .     Gourm    .     (armour unavailable)
rNeg   . . .     Faith    .     (no shield)
rPois  .         Spirit   .     (helmet restricted)
rElec  .         Dismiss  .     (no cloak)
rCorr  .         Reflect  .     (no gloves)
SustAt .         Harm     .     y - +2 pair of boots
MR     .....     Rnd*Tele +     o - amulet of rage
Stlth  +.........               h - +3 ring of intelligence
                                v - -4 ring of dexterity (curse)

@: not resistant to hostile enchantments, very unstealthy
A: breathe steam, unfitting armour, screaming 1, teleportitis 1, cold-blooded,
AC +6
a: Breathe Steam, Evoke Berserk Rage


You were on level 5 of the Dungeon.
You were very hungry.

You visited 1 branch of the dungeon, and saw 5 of its levels.

You collected 313 gold pieces.

Inventory:

Hand Weapons
 a - a +0 short sword (weapon)
 B - a +0 shortbow
Missiles
 d - 5 tomahawks of dispersal (quivered)
 k - 84 arrows
Armour
 y - a +2 pair of boots (worn)
Jewellery
 h - a +3 ring of intelligence (right hand)
 o - an amulet of rage (around neck)
 v - a cursed -4 ring of dexterity (left hand)
Scrolls
 c - 2 scrolls of blinking
 e - 10 scrolls of identify {unknown}
 j - a scroll of amnesia {unknown}
 l - a scroll of remove curse {unknown}
 r - 2 scrolls of random uselessness {unknown}
 s - 2 scrolls of enchant weapon {unknown}
 u - 2 scrolls of fear {unknown}
 w - 2 scrolls of fog {unknown}
 z - a scroll of recharging {unknown}
Potions
 i - 3 potions of invisibility {unknown}
 m - 2 potions of curing {unknown}
 n - 3 potions of lignification {unknown}
 p - 2 potions of haste {unknown}
 q - a potion of flight {unknown}
 t - a potion of brilliance {unknown}
 x - a potion of ambrosia {unknown}
Books
 b - a book of Spatial Translocations

   Spells                             Type                      Level
   a - Apportation                    Translocation                1
   b - Blink                          Translocation                2
   c - Shroud of Golubria             Charms/Translocation         2
   d - Portal Projectile              Translocation                3
   e - Teleport Other                 Translocation                3
   f - Passage of Golubria            Translocation                4
 g - a Necronomicon

   Spells                             Type                      Level
   a - Haunt                          Necromancy/Summoning         7
   b - Borgnjor's Revivification      Necromancy                   8
   c - Death's Door                   Charms/Necromancy            8
   d - Necromutation                  Transmutation/Necromancy     8
Comestibles
 f - 3 bread rations


   Skills:
 + Level 5.5 Fighting
 + Level 4.6 Short Blades
 - Level 0.8 Throwing
 + Level 4.4 Dodging
 - Level 2.0 Spellcasting
 + Level 5.4 Translocations


You had 3 spell levels left.
You knew the following spells:

 Your Spells              Type           Power        Failure   Level  Hunger
a - Apportation           Tloc           ###.......   2%          1    #......
c - Blink                 Tloc           N/A          3%          2    ###....
x - Passage of Golubria   Tloc           N/A          24%         4    #####..


Dungeon Overview and Level Annotations

Branches:
Dungeon (5/15)
 Temple: D:4-7

Altars:
Nemelex Xobeh
Okawaru
Qazlal
Ru
Trog


Innate Abilities, Weirdness & Mutations

You can breathe blasts of scalding, opaque steam.
Your pale cyan-grey scales are hard (AC +6).
Your body does not fit into most forms of armour.
You are cold-blooded and may be slowed by cold attacks.
You occasionally shout uncontrollably at your foes.
You are occasionally teleported next to monsters.


Message History

You enter the shallow water.
Moving in this stuff is going to be slow.
You have got your breath back.
You see here a sky beast corpse.
You butcher the sky beast corpse.
You see here 2 mutagenic chunks of flesh.
A - 2 mutagenic chunks of flesh Eat which item? (? for menu, Esc to quit)
This meat tastes really weird.
You feel the urge to shout.
Eat which item? (? for menu, Esc to quit)
This meat tastes really weird.
You feel weirdly uncertain.
You enter the shallow water.
Moving in this stuff is going to be slow.
You start resting.
HP restored.
Are you sure you want to abandon this character and quit the game? (Confirm with "yes".)
Okay, then.
Are you sure you want to abandon this character and quit the game? (Confirm with "yes".)

. ..##..# ........#
........# ........#
........# ##.
......#.## #...
.........####?...
.........#.......
##.........≈.@.......
#....................
#............[.######
#..............###
#................#
#.............##..#
## #.............#
#...#
.###.............#
##...
.................# #.


There were no monsters in sight!

Vanquished Creatures
  The ghost of imbaray the Shooter, a novice HEHu (D:5)
  A sky beast (D:5)
  An ogre (D:5)
  A centaur (D:5)
  2 crimson imps (D:5)
  2 hounds (D:4)
  2 worker ants (D:4)
  Terence (D:2)
  A hound zombie (D:4)
  6 adders
  A shadow imp (D:5)
  An ooze (D:1)
  4 worms
  A dart slug (D:2)
  6 orcs (D:3)
  10 bats
  7 giant cockroaches
  15 goblins
  6 hobgoblins
  5 jackals
  4 kobolds
  A quokka (D:3)
  A giant gecko skeleton (D:4)
  6 giant newts
  A jackal skeleton (D:5)
  11 rats
98 creatures vanquished.

Vanquished Creatures (others)
  A wizard (D:4)
1 creature vanquished.

Grand Total: 99 creatures vanquished

Notes
Turn   | Place    | Note
--------------------------------------------------------------
     0 | D:1      | namelastname112 the Draconian Warper began the quest for the Orb.
     0 | D:1      | Reached XP level 1. HP: 17/17 MP: 3/3
    98 | D:1      | Reached XP level 2. HP: 19/25 MP: 5/5
   113 | D:1      | Learned a level 2 spell: Blink
   412 | D:1      | Reached XP level 3. HP: 30/31 MP: 6/6
   662 | D:2      | Found a sparkling altar of Nemelex Xobeh.
  1336 | D:2      | Found an iron altar of Okawaru.
  1374 | D:2      | Found a sacrificial altar of Ru.
  1408 | D:2      | Reached XP level 4. HP: 18/38 MP: 7/7
  1412 | D:2      | Noticed Terence
  1433 | D:2      | Killed Terence
  2405 | D:3      | Reached XP level 5. HP: 30/45 MP: 8/8
  2977 | D:4      | Found a stormy altar of Qazlal.
  3346 | D:4      | Reached XP level 6. HP: 37/52 MP: 9/9
  3843 | D:4      | Found a bloodstained altar of Trog.
  3946 | D:4      | Learned a level 4 spell: Passage of Golubria
  4162 | D:4      | Noticed a wizard
  4168 | D:4      | Killed a wizard
  4224 | D:5      | Entered Level 5 of the Dungeon
  4790 | D:5      | Your scales start taking on a pale cyan-grey colour.
  4790 | D:5      | Reached XP level 7. HP: 8/60 MP: 10/10
  4854 | D:5      | Noticed imbaray's ghost (novice HEHu)
  4946 | D:5      | Killed imbaray's ghost
  4946 | D:5      | Reached skill level 5 in Fighting
  4946 | D:5      | Reached skill level 5 in Translocations
  5160 | D:5      | Gained mutation: You occasionally shout uncontrollably at your foes. [mutagenic meat]
  5161 | D:5      | Gained mutation: You are occasionally teleported next to monsters. [mutagenic meat]
  5233 | D:5      | Quit the game

Vault maps used:
D:1:      lemuel_arrival_behind_the_door_small, minmay_misc_feat_doors,
          minmay_misc_feat_tower
D:2:      nicolae_ru_path_of_blood, marbit_many_paths,
          kennysheep_okawaru_gauntlet, minmay_quantized, uniq_terence
D:3:      hex_intersection
D:4:      lemuel_crystal_altar, trog_wizard
D:5:      first_bread

Skill      XL: |  1  2  3  4  5  6  7 |
---------------+----------------------+-----
Fighting       | 3 4 5 |  5.5
Dodging        | 3 4 |  4.4
Translocations | 4 5 |  5.4
Short Blades   | 3 4 |  4.6
Throwing       | |  0.8
Spellcasting   | |  2.0

Action                   |  1- 3 |  4- 6 |  7- 9 || total
-------------------------+-------+-------+-------++-------
Melee: Short sword       |   204 |   379 |    33 ||   616
 Abil: Evoke Berserk Rag |       |     5 |     1 ||     6
       Breathe Steam     |       |       |     1 ||     1
 Stab: Sleeping          |     1 |       |       ||     1
  Eat: Chunk             |     2 |     8 |     3 ||    13
       Pizza             |       |     1 |       ||     1
       Meat ration       |       |     1 |       ||     1
